 Dungeon Crawl Stone Soup version 0.26-a0-466-g989023bd0d (webtiles) character file.

Game seed: 1633511285771668247

1553 Ishchenko the Cudgeler (level 9, -10/68 HPs)
             Began as a Human Fighter on July 30, 2020.
             Was a Priest of Makhleb.
             Mangled by an orc warrior
             ... wielding a +0 morningstar
              (31 damage)
             ... on level 6 of the Dungeon.
             The game lasted 00:17:05 (5535 turns).

Ishchenko the Cudgeler (Human Fighter)              Turns: 5535, Time: 00:17:05

Health: -10/68     AC:  7    Str: 18    XL:     9   Next: 12%
Magic:  9/9        EV:  8    Int:  9    God:    Makhleb [***...]
Gold:   320        SH: 10    Dex: 14    Spells: 8/8 levels left

rFire    . . .     SeeInvis .   g - +1 mace (drain)
rCold    . . .     Faith    .   c - +0 kite shield
rNeg     . . .     Spirit   .   b - +0 scale mail
rPois    .         Reflect  .   (no helmet)
rElec    .         Harm     +   j - scarf {harm}
rCorr    .                      (no gloves)
MR       .....                  (no boots)
Stlth    ..........             (no amulet)
HPRegen  0.21/turn              f - +4 ring of slaying
MPRegen  0.11/turn              r - ring of flight

@: lethally poisoned (-10 -> -11)
A: no striking features
a: Minor Destruction, Lesser Servant of Makhleb, Renounce Religion, Evoke Flight


You were on level 6 of the Dungeon.
You worshipped Makhleb.
Makhleb was most pleased with you.
You visited 1 branch of the dungeon, and saw 6 of its levels.

You collected 320 gold pieces.

Inventory:

Hand Weapons
 a - a +0 rapier
 g - a +1 mace of draining (weapon)
Armour
 b - a +0 scale mail (worn)
 c - a +0 kite shield (worn)
 j - a scarf of harm (worn)
Magical Staves
 y - an uncursed staff of death {unknown}
Jewellery
 f - a +4 ring of slaying (left hand)
 r - a ring of flight (right hand)
 s - a +4 ring of protection {unknown}
 A - a cursed ring of teleportation {unknown}
Wands
 d - a wand of flame (32)
 x - a wand of iceblast (7)
Scrolls
 h - 2 scrolls of fear {unknown}
 i - 2 scrolls of enchant armour {unknown}
 l - 7 scrolls of identify {unknown}
 m - 2 scrolls of amnesia {unknown}
 n - a scroll of immolation {unknown}
 o - 3 scrolls of teleportation {unknown}
 u - a scroll of fog {unknown}
 B - a scroll of noise {unknown}
Potions
 e - a potion of cancellation {unknown}
 k - 3 potions of heal wounds
 p - 2 potions of lignification {unknown}
 q - a potion of mutation {unknown}
 t - a potion of resistance {unknown}
 v - 3 potions of curing {unknown}
 w - a potion of degeneration {unknown}
 z - 2 potions of might
 C - a potion of brilliance {unknown}


   Skills:
 + Level 5.1 Fighting
 + Level 2.0 Short Blades
 + Level 6.7 Maces & Flails
 + Level 5.6 Armour
 + Level 2.2 Dodging
 + Level 1.4 Stealth
 + Level 5.1 Shields


You had 8 spell levels left.
You didn't know any spells.
Your spell library contained the following spells:

 Spells                   Type           Power        Failure   Level
 Beastly Appendage        Tmut           #.....       99%         1
 Wereblood                Tmut           #.......     100%        2
 Spider Form              Tmut/Pois      #.........   100%        3
 Ice Form                 Ice/Tmut       #.......     100%        4
 Blade Hands              Tmut           #.........   100%        5


Dungeon Overview and Level Annotations

Branches:
Dungeon (6/15)
 Temple: D:4-7

Altars:
Ashenzari
Cheibriados
Dithmenos
Fedhas
Gozag
Makhleb
Qazlal
Ru
Trog
Xom

Shops:
D:4 (   D:5 :


Message History

* * * LOW HITPOINT WARNING * * *
You completely miss the worker ant.
The worker ant is heavily wounded.
The worker ant completely misses you.
You barely miss the worker ant.
The worker ant is heavily wounded.
The worker ant bites you.
* * * LOW HITPOINT WARNING * * *
You are poisoned.
The worker ant poisons you!
The orc wizard shouts!
You hit the worker ant. You drain the worker ant.
You kill the worker ant!
Makhleb accepts your kill.
You can now summon a lesser servant of Makhleb.
You feel better.
You feel sick.
You sock the orc warrior!
The orc warrior is heavily wounded.
The orc warrior hits you with a +0 morningstar!!
You die...

...........# #...# .
#...# #### .#
#..)#######...###.
#####........#......>.
.....................
...........o.o...#.#
...............###.#
#####...####.#.o@†.#
#........#####.#
#...###### .# #...# .#
#...######## ..
#......(...# ##
#...######.# ###
##...## #.# ...##
#####.....## #.# .#...


You could see an orc warrior, an orc wizard and an orc.

Vanquished Creatures
  A troll (D:6)
  An orc warrior (D:6)
  A sky beast (D:6)
  An ogre (D:6)
  A phantom (D:5)
  A wyvern zombie (D:5)
  A hound (D:4)
  A bullfrog skeleton (D:5)
  3 orc priests
  Ijyb (D:3)
  Natasha (thrice) (D:3)
  2 iguanas (D:5)
  7 orc wizards
  5 worker ants
  2 killer bee zombies
  3 gnolls (D:2)
  A howler monkey zombie (D:5)
  6 adders
  A shadow imp (D:4)
  A white imp (D:5)
  2 oozes
  2 adder skeletons
  A worm (D:4)
  2 dart slugs
  8 leopard geckos
  22 orcs
  4 giant cockroaches
  12 goblins
  9 hobgoblins
  2 jackals (D:4)
  8 quokkas
  3 ball pythons
  4 bats
  6 frilled lizards
  A jackal skeleton (D:5)
  7 kobolds
  8 rats
144 creatures vanquished.

Vanquished Creatures (others)
  An orc wizard (D:6)
1 creature vanquished.

Grand Total: 145 creatures vanquished

Notes
Turn   | Place    | Note
-------+----------+-------------------------------------------
     0 | D:1      | Ishchenko the Human Fighter began the quest for the Orb.
     0 | D:1      | Reached XP level 1. HP: 18/18 MP: 1/1
   230 | D:1      | Reached XP level 2. HP: 24/24 MP: 2/2
   809 | D:2      | Reached XP level 3. HP: 28/29 MP: 3/3
   845 | D:2      | Found a shimmering altar of Xom.
   847 | D:2      | Found a burning altar of Makhleb.
   863 | D:2      | Became a worshipper of Makhleb the Destroyer
  1116 | D:2      | Reached XP level 4. HP: 28/35 MP: 4/4
  1123 | D:2      | Reached skill level 1 in Maces & Flails
  1373 | D:2      | Found a stormy altar of Qazlal.
  1677 | D:3      | Noticed Natasha
  1682 | D:3      | Killed Natasha
  1682 | D:3      | Reached skill level 2 in Maces & Flails
  1682 | D:3      | Reached XP level 5. HP: 40/41 MP: 5/5
  1705 | D:3      | Reached * piety under Makhleb
  1803 | D:3      | Found a shadowy altar of Dithmenos.
  1847 | D:3      | Noticed Ijyb
  1859 | D:3      | Killed Ijyb
  1859 | D:3      | Reached XP level 6. HP: 19/48 MP: 6/6
  2107 | D:3      | Reached skill level 3 in Maces & Flails
  2115 | D:3      | Reached skill level 1 in Dodging
  2380 | D:3      | Found a bloodstained altar of Trog.
  2407 | D:3      | Noticed Natasha
  2413 | D:3      | Killed Natasha
  2529 | D:3      | Noticed Natasha
  2536 | D:3      | Killed Natasha
  2536 | D:3      | Reached skill level 1 in Stealth
  2536 | D:3      | Reached XP level 7. HP: 38/53 MP: 7/7
  2880 | D:3      | Found an opulent altar of Gozag.
  3142 | D:4      | Found a snail-covered altar of Cheibriados.
  3187 | D:4      | Reached skill level 4 in Maces & Flails
  3314 | D:4      | Reached ** piety under Makhleb
  3327 | D:4      | Found Rame's Weapon Shop.
  3602 | D:4      | Found a shattered altar of Ashenzari.
  3810 | D:5      | Entered Level 5 of the Dungeon
  3821 | D:5      | Found Hoepap's Book Shop.
  4168 | D:5      | Reached XP level 8. HP: 10/60 MP: 8/8
  4451 | D:5      | Reached skill level 5 in Maces & Flails
  5288 | D:6      | Reached skill level 5 in Armour
  5299 | D:6      | Found a sacrificial altar of Ru.
  5454 | D:6      | Found a blossoming altar of Fedhas.
  5477 | D:6      | Reached skill level 6 in Maces & Flails
  5496 | D:6      | Reached skill level 5 in Fighting
  5505 | D:6      | Noticed a troll
  5512 | D:6      | HP: 2/62 [troll (3)]
  5515 | D:6      | Killed a troll
  5515 | D:6      | Reached skill level 5 in Shields
  5515 | D:6      | Reached XP level 9. HP: 18/68 MP: 9/9
  5534 | D:6      | Reached *** piety under Makhleb
  5535 | D:6      | Mangled by an orc warrior

Illustrated notes

Levels and vault maps discovered:
D:1:      dpeg_arrival_water_fire, layout_basic, chequers_serial_rivers_micro_c
D:2:      layout_loops_ring, gammafunk_temple_overflow_pools,
          nicolae_qazlal_general_emergency, feat_on_display
D:3:      kennysheep_the_goblin_king, layout_loops_ring,
          nicolae_gozag_cash_rules_everything_around_me, lemuel_doored_altar,
          trog_three_pillars_becter, uniq_natasha
D:4:      layout_loops_cross, lemuel_coloured_pillars_altar,
          lemuel_crystal_altar, serial_shops, shop_statue
D:5:      layout_basic, serial_co_window_serial, co_window_corner_a,
          co_window_corner_a, co_window_paths_b, co_window_paths_a,
          co_window_of_opportunity_a, co_window_corner_b, co_window_paths_c,
          co_window_corner_b, co_window_broadway_c, co_window_paths_e,
          co_window_4corner_a, glass_columns_b, glass_columns_a,
          glass_columns_a, glass_columns_c, serial_shops, kennysheep_little_box,
          uniq_ijyb
D:6:      layout_loops_cross, lemuel_crystal_altar,
          chequers_temple_overflow_statue_of_worship, fedhas_ov_isle_minmay,
          portal_sewer_entry_c, gammafunk_ghost_arena

Skill      XL: |  1  2  3  4  5  6  7  8 |
---------------+-------------------------+-----
Maces & Flails | 2 3 4 6 |  6.7
Armour         | 4 5 |  5.6
Shields        | 4 5 |  5.1
Dodging        | 1 2 |  2.2
Stealth        | 1 |  1.4
Fighting       | 4 5 |  5.1
Short Blades   | |  2.0

Action                   |  1- 3 |  4- 6 |  7- 9 || total
-------------------------+-------+-------+-------++-------
Melee: Mace              |    50 |   107 |   229 ||   386
  Use: Potion            |       |     1 |     1 ||     2
Armor: Scale mail        |    16 |    44 |    58 ||   118
Dodge: Dodged            |    11 |    27 |    75 ||   113
Block: Kite shield       |    35 |    42 |   100 ||   177

Table legend: (Time is in decaauts)
 A = Elapsed time spent in this place.
 B = Non-inter-level travel time spent in this place.
 C = Inter-level travel time spent in this place.
 D = Time resting spent in this place.
 E = Time spent auto-exploring this place.
 F = Levels seen in this place.
 G = Mean time per level.
                   A        B        C        D        E       F      G
               +--------+--------+--------+--------+--------+-----+--------+
         Total |   5648 |   5465 |    183 |    947 |   3439 |   6 |  941.3 |
       Dungeon |   5648 |   5465 |    183 |    947 |   3439 |   6 |  941.3 |
               +--------+--------+--------+--------+--------+-----+--------+

Top non-repeatable levels by time:
     D:5: 1486 daAuts
     D:3: 1403 daAuts
     D:4: 927 daAuts
     D:1: 810 daAuts
     D:2: 748 daAuts
     D:6: 273 daAuts
